 Dungeon Crawl Stone Soup version 0.27.1-1-g398f81649c (webtiles) character file.

Game seed: 343269587361376674

61 Descartes the Covert (level 3, 0/17 HPs)
             Began as a Felid Delver on Sept 12, 2021.
             Slain by an adder (3 damage)
             ... on level 4 of the Dungeon.
             The game lasted 00:01:35 (473 turns).

Descartes the Covert (Felid Delver)                  Turns: 473, Time: 00:01:35

Health: 0/17       AC:  1    Str:  9    XL:     3   Next: 83%
Magic:  4/4        EV: 17    Int: 11    God:
Gold:   28         SH:  0    Dex: 17    Spells: 2/2 levels left
                                        Lives:  0   Deaths: 0

rFire    . . .     SeeInvis +     - Unarmed
rCold    . . .     Faith    .   (shield unavailable)
rNeg     . . .     Spirit   .   (armour unavailable)
rPois    .         Reflect  .   (helmet unavailable)
rElec    .         Harm     .   (cloak unavailable)
rCorr    .         Rampage  .   (gloves unavailable)
Will     .....                  (boots unavailable)
Stlth    ++++......             (no amulet)
HPRegen  0.05/turn              (no ring)
MPRegen  0.09/turn              (no ring)

@: quick
A: very small, claws 1, fangs 3, see invisible, speed 1, shaggy fur 1, stealthy
paws, no weapons or thrown items, no armour, multi-lived
a: no special abilities


You were on level 4 of the Dungeon.
You visited 1 branch of the dungeon, and saw 2 of its levels.

You collected 28 gold pieces.

Inventory:

Wands
 e - a wand of digging (3)
Scrolls
 a - a scroll of fog
 b - a scroll of magic mapping
 c - a scroll of fear
 h - a scroll of enchant armour {unknown}
Potions
 d - a potion of haste
 f - a potion of heal wounds {unknown}
 g - a potion of curing {unknown}


   Skills:
 - Level 3.0 Fighting
 - Level 2.6 Dodging
 + Level 8.6 Stealth
 - Level 2.0 Unarmed Combat


You had 2 spell levels left.
You didn't know any spells.
Your spell library was empty.

Dungeon Overview and Level Annotations

Branches:
Dungeon (5/15)
 Temple: D:4-7

Altars:
Kikubaaqudgha
Sif Muna


Innate Abilities, Weirdness & Mutations

You have sharp claws.
You have razor-sharp teeth.
You have supernaturally acute eyesight. (SInv)
You cover ground quickly. (Speed+)
You are covered in fur. (AC +1)
Your paws help you pounce on unaware monsters.
You are incapable of wielding weapons or throwing items.
You cannot wear armour.
You gain extra lives every three experience levels.


Message History

The iguana is lightly wounded.
The iguana completely misses you.
You closely miss the iguana.
The iguana is lightly wounded.
You scratch the iguana but do no damage.
The iguana is lightly wounded.
The iguana bites you.
You scratch the iguana but do no damage.
The iguana is lightly wounded.
The iguana misses you.
You scratch the iguana.
The iguana is lightly wounded.
The iguana completely misses you.
You barely miss the iguana.
The iguana is lightly wounded.
The iguana closely misses you.
You closely miss the iguana.
The iguana is lightly wounded.
The iguana closely misses you.
You scratch the iguana.
The iguana is moderately wounded.
The iguana bites you!
* * * LOW HITPOINT WARNING * * *
There is a stone staircase leading down here.
An adder comes into view.
Found a metallic coppery potion.
The adder moves out of view.
Found a shimmering blue altar of Sif Muna.
The adder bites the bush but does no damage.
The adder hisses angrily.
The iguana hisses menacingly.
Found a robe.
An adder comes into view.
The adder misses you.
The iguana hisses angrily.
Found a stone staircase leading up.
The adder closely misses you.
A hound and a goblin come into view.
There is a stone staircase leading up here.
The adder bites you.
You die...

##### ##...##
#.....##############
#...................
#..@S.##############
##...## ##.## #.#
#.# .g. #h# #.#


You could see a hound (asleep), an adder and a goblin (asleep).

Vanquished Creatures
  A jelly (D:4)
  An iguana (D:5)
  2 orcs (D:5)
4 creatures vanquished.

Vanquished Creatures (others)
  43 plants (D:5)
43 creatures vanquished.

Grand Total: 47 creatures vanquished

Notes
Turn   | Place    | Note
-------+----------+-------------------------------------------
     0 | D:5      | Descartes the Felid Delver began the quest for the Orb.
     0 | D:5      | Reached XP level 1. HP: 10/10 MP: 2/2
   154 | D:5      | Noticed an iguana
   168 | D:5      | Killed an iguana
   169 | D:5      | Reached skill level 8 in Stealth
   169 | D:5      | Reached XP level 2. HP: 14/14 MP: 3/3
   169 | D:5      | Reached XP level 3. HP: 17/17 MP: 4/4
   193 | D:5      | Found an ancient bone altar of Kikubaaqudgha.
   267 | D:4      | Noticed a scorpion
   429 | D:4      | Found a shimmering blue altar of Sif Muna.
   473 | D:4      | Slain by an adder

Illustrated notes

Levels and vault maps discovered:
D:4:      layout_loops_ring, mainiacjoe_overflow_cross_hatched,
          grunt_decor_arrowhead, chequers_serial_rivers_marsh
D:5:      layout_basic, mainiacjoe_overflow_alcove_1, small_statue_intersection,
          grunt_ministairs_3, kennysheep_boxes

Skill      XL: |  1 |
---------------+----+-----
Stealth        | 8 |  8.6
Fighting       | |  3.0
Dodging        | |  2.6
Unarmed Combat | |  2.0

Action                   || total
-------------------------++-------
Melee: Unarmed           ||    38
       Bite              ||     2
 Stab: Sleeping          ||     1
Dodge: Dodged            ||    32
